 Dungeon Crawl Stone Soup version 0.31-a0-133-gaae73658be (webtiles) character file.

Game seed: 17668131352323978851

23815 Jackthecabe the Nimble (level 12, -4/144 HPs)
             Began as a Demigod Conjurer on June 2, 2023.
             Slain by a skyshark (6 damage)
             ... on level 2 of the Lair of Beasts.
             The game lasted 00:39:34 (19803 turns).

Jackthecabe the Nimble (Demigod Conjurer)          Turns: 19803, Time: 00:39:38

Health: -4/144     AC: 26    Str:  8    XL:     12   Next: 41%
Magic:  1/39       EV:  2    Int: 38    God:
Gold:   1076       SH:  0    Dex: 12    Spells: 5/19 levels left

rFire   . . .        a - +3 dagger "Epeav" {freeze, rElec Int+2}
rCold   . . .        (no shield)
rNeg    . . .        W - melded +0 troll leather armour
rPois   +            p - melded +0 helmet
rElec   +            r - melded +2 ratskin cloak {*Rats rPois rN+ Str-1 Int-1 Dex+1}
rCorr   .            U - melded +0 pair of gloves
SInv    .            (boots currently unavailable)
Will    +....        (no amulet)
Stlth   ++           m - ring of magical power
HPRegen 0.44/turn    M - ring of magical power
MPRegen 0.26/turn

%: no passive effects
@: tree-form
A: stationary, stasis, torment immunity, boosted hp, high MP 1, forlorn, divine
attributes
a: no special abilities


You were on level 2 of the Lair of Beasts.
You were a tree.
You visited 2 branches of the dungeon, and saw 13 of its levels.
You also visited: Sewer.

You collected 1076 gold pieces.


Innate Abilities, Weirdness & Mutations

You are a tree.
Your roots penetrate the ground, keeping you stationary.
You cannot be teleported.
You are immune to unholy pain and torment.
Your maximum health is greatly increased.
Your equipment is partially melded.
You have an increased reservoir of magic. (+10% MP)
You shall have no god before yourself.
Your divine heritage dramatically boosts your attributes as you level up.


   Skills:
 - Level 6.0 Fighting
 - Level 12.0 Dodging
 - Level 1.7 Stealth
 * Level 4.1 Shields
 - Level 4.0 Spellcasting
 + Level 9.4 Conjurations
 - Level 6.0 Hexes
 - Level 4.0 Summonings
 - Level 6.0 Translocations
 + Level 4.7 Earth Magic


You had 5 spell levels left.
You knew the following spells:

 Your Spells              Type           Power      Damage    Failure   Level
c - Call Canine Familiar  Summ           38%        N/A       2%          3
f - Fulminant Prism       Conj/Hex       30%        3d16      1%          4
m - Magic Dart            Conj           100%       1d8       1%          1
s - Searing Ray           Conj           100%       2d8       1%          2
X - Iskenderun's Mystic   Conj/Tloc      60%        2d13      1%          4

Your spell library contained the following spells:

 Spells                   Type           Power      Damage    Failure   Level
 Summon Small Mammal      Summ           100%       N/A       1%          1
 Dazzling Flash           Conj/Hex       100%       N/A       1%          3
 Summon Guardian Golem    Hex/Summ       45%        N/A       1%          3
 Leda's Liquefaction      Hex/Erth       24%        N/A       4%          4
 Lee's Rapid Deconstruct  Erth           22%        3d12*     14%         5
 Leda's Unmaking          Conj/Erth      29%        9d5       30%         6
 Statue Form              Tmut/Erth      16%        N/A       91%         6

Inventory:

Hand Weapons
 a - the +3 dagger "Epeav" (weapon) {freeze, rElec Int+2}
   (You found it on level 1 of the Lair of Beasts)

   Int:       It affects your intelligence (+2).
   rElec:     It insulates you from electricity.
 E - a +2 dagger of venom
Missiles
 n - 2 throwing nets {=f}
 t - 53 poisoned darts
 K - 3 curare-tipped darts {=f}
Armour
 p - a +0 helmet (melded)
 r - the +2 ratskin cloak (melded) {*Rats rPois rN+ Str-1 Int-1 Dex+1}
   (You found it on level 2 of the Dungeon)

   *Rats:     When the wearer is hurt, rats may emerge from it to assist them.
   Str:       It affects your strength (-1).
   Int:       It affects your intelligence (-1).
   Dex:       It affects your dexterity (+1).
   rPois:     It protects you from poison.
   rN:        It protects you from negative energy.
 T - a +0 buckler
 U - a +0 pair of gloves (melded)
 W - a +0 troll leather armour (melded)
Magical Staves
 y - a staff of air {!a}
 J - a staff of poison {!a}
Jewellery
 d - a +6 ring of dexterity
 m - a ring of magical power (left branch)
 C - a ring of protection from cold
 D - a +6 ring of dexterity
 L - a ring of flight
 M - a ring of magical power (right branch)
 Z - a ring of wizardry
Wands
 k - a wand of flame (27)
 N - a wand of roots (8)
 R - a wand of charming (8)
 S - a wand of quicksilver (5)
 V - a wand of polymorph (2)
Scrolls
 c - 3 scrolls of amnesia {unknown}
 g - 4 scrolls of blinking
 h - a scroll of poison {unknown}
 o - 2 scrolls of immolation {unknown}
 u - a scroll of enchant weapon {unknown}
 x - 3 scrolls of fog
 z - 4 scrolls of vulnerability
 A - a scroll of fear
 G - a scroll of magic mapping {unknown}
 I - a scroll of butterflies {unknown}
 Q - 6 scrolls of teleportation {@r2}
 X - a scroll of torment
 Y - 2 scrolls of enchant armour {unknown}
Potions
 b - 3 potions of magic
 f - 3 potions of ambrosia {unknown}
 i - a potion of attraction {unknown}
 j - 4 potions of heal wounds {unknown}
 l - 3 potions of cancellation {unknown}
 q - 6 potions of curing {@q1}
 s - 5 potions of might {unknown}
 v - 3 potions of mutation {unknown}
 w - a potion of haste {unknown}
 B - 5 potions of lignification
 F - 3 potions of brilliance {unknown}
 O - a potion of resistance {unknown}
 P - a potion of berserk rage {unknown}

Dungeon Overview and Level Annotations

Branches:
Dungeon (11/15)            Temple (0/1) D:4            Lair (2/5) D:9
    Orc (0/2) D:9           Sewer (visited)
  Swamp: Lair:2-3    Shoals: Lair:2-3     Snake: Lair:2-3    Spider: Lair:2-3

Shops:
D:1 (   D:4 !(   D:5 :

Annotations:
D:4 Grinder
D:8 1 exclusion
D:9 2 runed translucent doors, porpoise's ghost, journeyman GnWn

..........▒†♣
♣.▒ ▒.♣ ♣.▒
▒.♣ ♣.▒
▒.♣♣♣.▒
▒.....▒▒
▒.✱♣..>▒
▒.r...▒▒
▒l♣♣♣.▒ ▒♣♣
♣.▒ ▒.♣ ♣.▒
▒.♣ ♣.▒
▒.♣♣♣.▒
▒.....▒
▒▒▒.▒▒▒ ▒▒▒
▒▒▒ ♣♣.♣♣▒
♣.♣ ♣.♣♣
▒♣.♣♣.▒ ♣.♣
♣♣.♣
▒.♣♣..▒♣♣.♣♣
♣♣.


You could see a skyshark (berserk, slow, ally target), a friendly fulminant
prism and a friendly river rat.


Message History

The skyshark tail-slaps you but does no damage.
The skyshark tail-slaps you!
* * * LOW HITPOINT WARNING * * *
Your river rat bites the skyshark!
The skyshark bites your river rat!!
Your river rat dies!
Casting: Call Canine Familiar (mildly dangerous; 3% risk of failure)
Confirm with . or Enter, or press ? or * to list all spells.
Aiming: Fulminant Prism (dangerous; 2% risk of failure)
Press: ? - help, Dir - move target You conjure a prism of explosive energy!
A fulminant prism comes into view.
The skyshark attacks as you move away! The skyshark bites you!
* * * LOW HITPOINT WARNING * * *
The skyshark closely misses you.
The skyshark tail-slaps you but does no damage.
The skyshark bites you!!
* * * LOW HITPOINT WARNING * * *
A river rat scurries out from under your cloak.
The skyshark tail-slaps you.
* * * LOW HITPOINT WARNING * * *
The skyshark misses you.
Your fulminant prism crackles loudly.
It was a potion of lignification.
You turn into a tree.
The +2 ratskin cloak {*Rats rPois rN+ Str-1 Int-1 Dex+1} melds into your body.
Your +0 helmet melds into your body.
Your +0 pair of gloves melds into your body.
Your +0 troll leather armour melds into your body.
Your roots penetrate the ground.
The skyshark bites you.
You die...

Skill      XL: |  1  2  3  4  5  6  7  8  9 10 11 12 |
---------------+-------------------------------------+-----
Spellcasting   | 2 3 4 |  4.0
Conjurations   | 4 5 6 7 8 9 |  9.4
Hexes          | 2 4 5 6 |  6.0
Fighting       | 4 6 |  6.0
Translocations | 4 6 |  6.0
Dodging        | 3 8 11 12 | 12.0
Summonings     | 1 4 |  4.0
Earth Magic    | 3 4 |  4.7
Shields        | 4 |  4.1
Stealth        | |  1.7

Action                     |  1- 3 |  4- 6 |  7- 9 | 10-12 || total
---------------------------+-------+-------+-------+-------++-------
  Melee: Whip              |     1 |       |       |       ||     1
         Dagger            |     3 |    27 |    12 |    41 ||    83
   Cast: Magic Dart        |    70 |   114 |   182 |   159 ||   525
         Searing Ray       |     2 |    16 |    25 |    41 ||    84
         Fulminant Prism   |       |       |    52 |    57 ||   109
         Iskenderun's Myst |       |       |     2 |   137 ||   139
         Call Canine Famil |       |       |       |     3 ||     3
    Use: Scroll            |       |       |     6 |     1 ||     7
         Potion            |       |       |       |     1 ||     1
 Armour: Robe              |     4 |    13 |    18 |     4 ||    39
         Troll leather arm |       |       |       |    23 ||    23
  Dodge: Dodged            |     5 |    56 |    65 |   127 ||   253

Levels and vault maps discovered:
D:1:      psy_arrival_fountain, layout_basic, serial_shops, shop_fountains
D:2:      layout_loops_ring, basic_altar, amcnicky_mini_rare_corridor_liquid,
          hangedman_decor_clover_reticule, kennysheep_generic_room_14,
          uniq_robin, uniq_jessica
D:3:      layout_loops_ring, cheibrodos_sewer_entry_drain, minmay_between
D:4:      layout_basic, minmay_temple_entry_sparse_star, serial_shops,
          nicolae_shop_overgrown_old_shop, shop, uniq_grinder, uniq_sigmund,
          uniq_pikel
D:5:      nicolae_BIG_FREAKIN_CUBE, layout_cave_pods, serial_shops, shop,
          uniq_menkaure
D:6:      layout_loops_ring, uniq_edmund
D:7:      layout_loops_ring, mainiacjoe_overflow_surrounded_room,
          serial_co_window_serial, co_window_cross_1, co_window_corner_a,
          co_window_corner_a, co_window_paths_a, co_window_paths_a,
          co_window_cross_1, co_window_paths_a, co_window_cross_2,
          co_window_2corner, co_window_unsneaky_path_b, co_window_4corner_a,
          co_window_4corner_b
D:8:      minmay_clustersquares, layout_cave_pools
D:9:      layout_roguey, due_lair_maze_entry_diamond,
          ebering_ghost_disaster_area, kennysheep_generic_room_3
D:10:     layout_cave_pods, uniq_lodul
D:11:     layout_rooms, special_room [special_room_orc], zin_angel
Lair:1:   layout_misc_corridors, grunt_forest_stairs_basic
Lair:2:   nzn_winding_woodlands_huge [nzn_winding_woodlands_5x15_crooked,
          nzn_winding_woodlands_5x15_twine,
          nzn_winding_woodlands_5x15_split_checker,
          nzn_winding_woodlands_5x15_zeroes,
          nzn_winding_woodlands_5x15_sawtooth,
          nzn_winding_woodlands_5x15_default,
          nzn_winding_woodlands_5x15_pockets,
          nzn_winding_woodlands_5x15_concentric,
          nzn_winding_woodlands_5x15_cabin,
          nzn_winding_woodlands_5x15_sidewinder,
          nzn_winding_woodlands_center_lodge,
          nzn_winding_woodlands_center_garden,
          nzn_winding_woodlands_15x15_eel_pit], layout_regular_city,
          elwin_shoals_entry_rocks, st_stairs_3, serial_bayou_pond_b,
          beast_lair_carwin_9

Notes
Turn   | Place    | Note
-------+----------+-------------------------------------------
     0 | D:1      | Jackthecabe the Demigod Conjurer began the quest for the
                  | Orb.
     0 | D:1      | Reached XP level 1. HP: 14/14 MP: 5/5
   214 | D:1      | Reached skill level 2 in Spellcasting
   373 | D:1      | Reached XP level 2. HP: 20/20 MP: 4/7
   441 | D:1      | Found Aruidizi's Weapon Shop.
   559 | D:1      | Learned a level 2 spell: Searing Ray
   582 | D:1      | Reached skill level 4 in Conjurations
  1184 | D:2      | Reached XP level 3. HP: 26/26 MP: 3/9
  1257 | D:2      | Found the +2 ratskin cloak {*Rats rPois rN+ Str-1 Int-1
                  | Dex+1}
  1435 | D:2      | Noticed Robin
  1542 | D:2      | Killed Robin
  1606 | D:2      | Reached skill level 3 in Spellcasting
  1606 | D:2      | Reached XP level 4. HP: 33/33 MP: 4/11
  1758 | D:2      | Noticed Jessica
  1763 | D:2      | Killed Jessica
  2074 | D:2      | Reached skill level 5 in Conjurations
  2422 | D:3      | Learned a level 4 spell: Fulminant Prism
  2448 | D:3      | Found a glowing drain.
  2456 | Sewer    | Entered a sewer
  2539 | Sewer    | Noticed a kobold brigand
  2539 | Sewer    | Noticed a kobold brigand
  2546 | Sewer    | Killed a kobold brigand
  2547 | Sewer    | Reached XP level 5. HP: 34/38 MP: 5/12
  2554 | Sewer    | Reached skill level 6 in Conjurations
  2805 | Sewer    | Reached XP level 6. HP: 18/45 MP: 1/13
  3269 | D:3      | Reached skill level 7 in Conjurations
  3563 | D:3      | You fall into a shaft and drop 2 floors!
  3563 | D:5      | Entered Level 5 of the Dungeon
  3579 | D:5      | Found Xyffamia's Book Shoppe.
  3746 | D:5      | Reached skill level 1 in Hexes
  4126 | D:4      | Reached skill level 2 in Hexes
  4482 | D:3      | Reached XP level 7. HP: 50/50 MP: 10/14
  4760 | D:4      | Noticed Pikel
  4883 | D:4      | Found Gudduv's Distillery.
  5041 | D:4      | Noticed Grinder
  5270 | D:4      | Found Heidgh's Antique Weapon Shop.
  5355 | D:4      | Killed Pikel
  5356 | D:4      | Reached skill level 4 in Hexes
  5596 | D:4      | Reached XP level 8. HP: 57/57 MP: 11/15
  5737 | D:4      | Found a staircase to the Ecumenical Temple.
  5867 | D:5      | Noticed Menkaure
  5887 | D:5      | Killed Menkaure
  5888 | D:5      | Reached skill level 8 in Conjurations
  5888 | D:5      | Reached skill level 5 in Hexes
  5888 | D:5      | Reached skill level 1 in Fighting
  6107 | D:5      | Reached skill level 2 in Fighting
  6722 | D:5      | Reached skill level 3 in Fighting
  7163 | D:6      | Reached skill level 4 in Fighting
  7723 | D:6      | Noticed Edmund
  7862 | D:6      | Reached skill level 4 in Spellcasting
  7862 | D:6      | Reached skill level 1 in Translocations
  7867 | D:6      | Learned a level 4 spell: Iskenderun's Mystic Blast
  8027 | D:6      | Reached skill level 2 in Translocations
  8273 | D:6      | Killed Edmund
  8274 | D:6      | Reached skill level 3 in Translocations
  8717 | D:7      | Reached skill level 4 in Translocations
  8717 | D:7      | Reached XP level 9. HP: 71/71 MP: 12/18
  9225 | D:7      | Reached skill level 5 in Translocations
 10643 | D:8      | Reached skill level 6 in Hexes
 10643 | D:8      | Reached skill level 6 in Translocations
 10692 | D:8      | Reached skill level 5 in Fighting
 11058 | D:8      | Noticed a boulder beetle
 11144 | D:8      | Noticed a two-headed ogre
 11363 | D:8      | Killed a two-headed ogre
 11364 | D:8      | Reached skill level 6 in Fighting
 11364 | D:8      | Reached skill level 3 in Dodging
 11515 | D:8      | Learned a level 3 spell: Call Canine Familiar
 11724 | D:9      | Reached skill level 1 in Summonings
 11724 | D:9      | Reached XP level 10. HP: 81/83 MP: 19/19
 11727 | D:9      | Reached skill level 4 in Dodging
 11727 | D:9      | Reached skill level 2 in Summonings
 11857 | D:9      | Reached skill level 3 in Summonings
 11971 | D:9      | Reached skill level 5 in Dodging
 12110 | D:9      | Noticed a two-headed ogre
 12118 | D:9      | Killed a two-headed ogre
 12119 | D:9      | Reached skill level 6 in Dodging
 12119 | D:9      | Reached skill level 4 in Summonings
 12658 | D:9      | Found a staircase to the Orcish Mines.
 12675 | D:9      | Reached skill level 7 in Dodging
 13462 | D:9      | Found a staircase to the Lair.
 13579 | D:9      | Reached skill level 8 in Dodging
 13616 | D:9      | Found a large runed translucent door.
 13617 | D:9      | Found a large runed translucent door.
 13619 | D:9      | Noticed porpoise's ghost (journeyman GnWn)
 13655 | D:10     | Entered Level 10 of the Dungeon
 13669 | D:10     | Noticed Lodul
 13684 | D:10     | Killed Lodul
 13685 | D:10     | Reached XP level 11. HP: 51/89 MP: 13/20
 14150 | D:10     | Reached skill level 9 in Dodging
 14748 | D:10     | Noticed a two-headed ogre
 14756 | D:10     | Killed a two-headed ogre
 14882 | D:10     | Reached skill level 10 in Dodging
 15331 | D:11     | Noticed an orc knight
 15368 | D:11     | HP: 8/89 [orc knight/+0 halberd (27)]
 15612 | D:11     | Killed an orc knight
 16029 | D:11     | Reached skill level 11 in Dodging
 16029 | D:11     | Noticed a two-headed ogre
 16056 | D:11     | Killed a two-headed ogre
 16560 | D:11     | Noticed an angel
 16720 | Lair:1   | Entered Level 1 of the Lair of Beasts
 16747 | Lair:1   | Reached skill level 1 in Earth Magic
 16936 | Lair:1   | Reached skill level 2 in Earth Magic
 17579 | Lair:1   | Reached skill level 3 in Earth Magic
 17579 | Lair:1   | Reached XP level 12. HP: 96/96 MP: 21/21
 17947 | Lair:1   | Reached skill level 12 in Dodging
 18162 | Lair:1   | Identified the +3 dagger "Epeav" {freeze, rElec Int+2}
 18432 | Lair:2   | Reached skill level 9 in Conjurations
 18433 | Lair:2   | Reached skill level 1 in Shields
 18564 | Lair:2   | Reached skill level 4 in Earth Magic
 18574 | Lair:1   | Reached skill level 2 in Shields
 19063 | Lair:2   | Reached skill level 3 in Shields
 19788 | Lair:2   | Reached skill level 4 in Shields
 19802 | Lair:2   | HP: 5/96 [skyshark (22)]
 19802 | Lair:2   | HP: 1/96 [skyshark (4)]
 19803 | Lair:2   | Slain by a skyshark

Vanquished Creatures
  4 two-headed ogres
  Lodul (D:10)
  An orc knight (D:11)
  Pikel (D:4)
  2 black mambas
  A torpor snail (Lair:2)
  3 unseen horrors
  7 cane toads
  5 komodo dragons
  2 tengu conjurers (D:10)
  3 trolls
  A polar bear (Lair:2)
  2 blink frogs (Lair:2)
  2 shadows
  26 yaks
  2 wyverns
  A vampire (D:10)
  Menkaure (D:5)
  A steam dragon (D:7)
  Edmund (D:6)
  13 water moccasins
  An ice beast (D:7)
  10 orc warriors
  5 black bears
  10 ogres
  10 wolves
  5 centaurs
  4 lemures
  7 kobold brigands
  11 bullfrogs
  A gnoll sergeant (D:7)
  4 scorpions
  5 wights (D:8)
  12 killer bees
  2 howler monkeys
  4 jellies
  A gnoll bouda (D:6)
  6 hounds
  5 orc priests
  3 iguanas
  Jessica (D:2)
  2 sleepcaps
  10 orc wizards
  Robin (D:2)
  11 gnolls
  5 adders
  2 worms
  2 dart slugs
  62 orcs
  15 ball pythons
  6 bats
  12 endoplasms
  5 giant cockroaches
  13 goblins
  7 hobgoblins
  7 jackals
  A quokka (D:3)
  2 frilled lizards
  26 kobolds
  8 rats
  A fulminant prism (D:5)
385 creatures vanquished.

Vanquished Creatures (collateral kills)
  A wyvern (D:9)
1 creature vanquished.

Vanquished Creatures (others)
  107 fulminant prisms
107 creatures vanquished.

Grand Total: 493 creatures vanquished

Table legend: (Time is in decaauts)
 A = Elapsed time spent in this place.
 B = Non-inter-level travel time spent in this place.
 C = Inter-level travel time spent in this place.
 D = Time resting spent in this place.
 E = Time spent auto-exploring this place.
 F = Levels seen in this place.
 G = Mean time per level.
                   A        B        C        D        E       F      G
               +--------+--------+--------+--------+--------+-----+--------+
         Total |  19845 |  19283 |    562 |   5071 |  11367 |  14 | 1417.5 |
       Dungeon |  16212 |  15689 |    523 |   3917 |   9484 |  11 | 1473.8 |
          Lair |   2847 |   2809 |     38 |    837 |   1528 |   2 | 1423.5 |
         Sewer |    786 |    786 |      0 |    317 |    355 |   1 |  786.0 |
               +--------+--------+--------+--------+--------+-----+--------+

Top non-repeatable levels by time:
     D:7: 2076 daAuts
     D:9: 2051 daAuts
     D:5: 2023 daAuts
  Lair:1: 1870 daAuts
    D:10: 1552 daAuts
     D:6: 1406 daAuts
     D:8: 1404 daAuts
     D:1: 1203 daAuts
     D:2: 1194 daAuts
    D:11: 1172 daAuts
     D:4: 1139 daAuts
     D:3: 987 daAuts
  Lair:2: 976 daAuts
   Sewer: 786 daAuts

Table legend:
 A = Non-vault XP
 B = Vault XP
 C = Vault XP percentage of total XP
 D = Non-vault monster count
 E = Vault monster count
 F = Vault count percentage of total count
                 A         B        C        D         E       F
            +---------+---------+-------+---------+---------+-------
      Total |   23096 |   10926 |  32.1 |     270 |     111 |  29.1
            +---------+---------+-------+---------+---------+-------
        D:1 |      41 |       0 |   0.0 |      23 |       0 |   0.0
        D:2 |      87 |      71 |  44.9 |      14 |      10 |  41.7
        D:3 |      80 |      10 |  11.1 |      27 |       5 |  15.6
        D:4 |     226 |     629 |  73.6 |      21 |       1 |   4.5
        D:5 |     380 |     183 |  32.5 |      18 |       1 |   5.3
        D:6 |     977 |     166 |  14.5 |      26 |       1 |   3.7
        D:7 |    1355 |       0 |   0.0 |      23 |       0 |   0.0
        D:8 |    1763 |      85 |   4.6 |      19 |       1 |   5.0
        D:9 |    4738 |    1747 |  26.9 |      33 |      13 |  28.3
       D:10 |    3031 |    1704 |  36.0 |      17 |       9 |  34.6
       D:11 |    2363 |    1341 |  36.2 |      13 |      25 |  65.8
     Lair:1 |    7026 |     338 |   4.6 |      29 |       1 |   3.3
     Lair:2 |    1029 |    4226 |  80.4 |       7 |      20 |  74.1
      Sewer |       0 |     426 | 100.0 |       0 |      24 | 100.0
            +---------+---------+-------+---------+---------+-------
